 Dungeon Crawl Stone Soup version 0.13.1-2-gfb2c2b7 (webtiles) character file.

353 Mitsuki the Grave Robber (level 5, -5/28 HPs)
             Began as a Deep Elf Necromancer on Dec 1, 2013.
             Killed by divine providence
             ... invoked by an orc priest
              (8 damage)
             ... on Level 3 of the Dungeon.
             The game lasted 00:43:48 (3909 turns).

Mitsuki the Grave Robber (Deep Elf Necromancer)     Turns: 3909, Time: 00:43:48

HP  -5/28        AC  7     Str  6      XL: 5   Next: 92%
MP  15/15        EV 11     Int 22      God:
Gold 97          SH 14     Dex 15      Spells:  5 memorised,  0 levels left

Res.Fire  : . . .   See Invis. : .   (no weapon)
Res.Cold  : . . .   Warding    : .   o - +2 robe {MR+}
Life Prot.: . . .   Conserve   : .   g - +0 shield
Res.Poison: +       Res.Corr.  : .   k - +0 wizard hat
Res.Elec. : .       Clarity    : .   f - +2 dwarf cloak {rPois}
Sust.Abil.: . .     Spirit.Shd : .   (no gloves)
Res.Mut.  : .       Stasis     : .   (no boots)
Res.Rott. : .       Flight     : .   (no amulet)
Saprovore : . . .                    (no ring)
                                     d - +2 ring of intelligence

@: somewhat resistant to hostile enchantments, stealthy
A: no striking features
a: no special abilities


You were on level 3 of the Dungeon.
You were not hungry.

You visited 1 branch of the dungeon, and saw 3 of its levels.

You collected 77 gold pieces.

Inventory:

Armour
 f - a +2 dwarven cloak of poison resistance (worn)
 g - a +0 shield (worn)
 k - a +0 wizard hat (worn)
 o - a +2 robe of magic resistance (worn)
Magical devices
 t - a wand of draining (8)
Comestibles
 a - 4 chunks of orc flesh
Scrolls
 c - a scroll of identify {unknown}
Jewellery
 d - a +2 ring of intelligence (left hand)
Potions
 h - a potion of degeneration {unknown}
 i - a potion of resistance {unknown}
 j - 4 potions of curing {unknown}
 l - a potion of mutation {unknown}
 m - a potion of might {unknown}
 s - 2 potions of heal wounds {unknown}
Books
 b - a book of Necromancy

   Spells                             Type                      Level
   *Pain                              Necromancy                   1
   *Animate Skeleton                  Necromancy                   1
   *Lethal Infusion                   Charms/Necromancy            2
   *Vampiric Draining                 Necromancy                   3
   *Regeneration                      Charms/Necromancy            3
   Animate Dead                       Necromancy                   4
   Control Undead                     Necromancy                   4


   Skills:
 + Level 1.6 Armour
 + Level 4.2 Dodging
 + Level 4.3 Stealth
 + Level 1.0 Shields
 + Level 3.1 Spellcasting
 + Level 5.7 Necromancy


You couldn't memorise any spells.
You knew the following spells:

 Your Spells              Type           Power        Failure   Level  Hunger
a - Pain                  Necr           ####         10%         1    None
b - Animate Skeleton      Necr           N/A          10%         1    None
c - Lethal Infusion       Chrm/Necr      ###.......   34%         2    ##.....
d - Vampiric Draining     Necr           ####......   24%         3    ###....
e - Regeneration          Chrm/Necr      ###.......   67%         3    ###....


Dungeon Overview and Level Annotations

Branches:
Dungeon (3/27)

Altars:


Message History

Orders for allies: a - Attack new target. p - Attack previous target. r - Retreat! s - Stop attacking. w - Wait here. f - Follow me.
Anything else - Stay silent.
Gang up on whom?
Press: ? - help, Dir - move target cursor, f/p - orc priest
Aim: an orc priest, wielding an orcish morningstar Attack!
Your orc skeleton hits the orc priest with an orcish dagger.
The orc priest hits your orc skeleton with an orcish morningstar!
Your orc skeleton is destroyed!
The orc priest mumbles some strange prayers to Beogh against you.
Something smites you!
* * * LOW HITPOINT WARNING * * *
The orc priest hits your orc skeleton with an orcish morningstar!
Your orc skeleton is destroyed!
Your orc skeleton hits the orc priest but does no damage.
The orc priest mumbles some strange prayers to Beogh against you.
Something smites you!
You die...

[..........(().(..<..#
#.#
.....................#
#.#
.....................#
#.#
.....................#
##########...........#
#...........#
#.##.###.####
#.##.###.##########.
#....(.@zzzo.)..((.(
####.###.##########. #
#.# #.# .... #.# #.#
#....##.# #.#
##....##.# #.#
#.....##.# #.#
######..... #.# #.#
#>#.# ....##.... #.#
#.# #.#.#


You could see an orc priest and 3 friendly orc skeletons.

Vanquished Creatures
  Sigmund (D:3)
  A hound (D:3)
  An orc wizard (D:3)
  Terence (D:3)
  3 adders
  A worm (D:3)
  11 orcs (D:3)
  A giant cockroach (D:1)
  6 goblins
  10 hobgoblins
  3 jackals
  4 kobolds
  5 bats
  4 giant geckos
  4 giant newts
  3 quokkas
  5 rats
64 creatures vanquished.

Vanquished Creatures (collateral kills)
  An orc (D:3)
  2 giant cockroaches (D:1)
  2 goblins
  4 hobgoblins
  A giant gecko (D:1)
  A giant newt (D:2)
  A rat (D:1)
12 creatures vanquished.

Vanquished Creatures (others)
  An adder skeleton (D:3)
  A bat skeleton (D:1)
  A giant gecko skeleton (D:3)
  3 giant newt skeletons
  2 goblin skeletons
  4 hobgoblin skeletons
  A kobold skeleton (D:1)
  8 orc skeletons (D:3)
  A rat skeleton (D:1)
22 creatures vanquished.

Grand Total: 98 creatures vanquished

Notes
Turn   | Place    | Note
--------------------------------------------------------------
     0 | D:1      | Mitsuki, the Deep Elf Necromancer, began the quest for the Orb.
     0 | D:1      | Reached XP level 1. HP: 10/10 MP: 4/4
     2 | D:1      | Learned a level 1 spell: Animate Skeleton
   461 | D:1      | Reached XP level 2. HP: 13/15 MP: 3/6
   500 | D:1      | Reached skill level 5 in Necromancy
   509 | D:1      | Learned a level 2 spell: Lethal Infusion
  1069 | D:2      | Reached XP level 3. HP: 15/19 MP: 2/9
  2435 | D:3      | Reached XP level 4. HP: 22/24 MP: 9/12
  2478 | D:3      | Reached skill level 1 in Armour
  2543 | D:3      | Noticed Terence
  2570 | D:3      | Killed Terence
  2842 | D:3      | Learned a level 3 spell: Vampiric Draining
  2854 | D:3      | Noticed Sigmund
  3236 | D:3      | Reached XP level 5. HP: 21/28 MP: 5/15
  3574 | D:3      | Killed Sigmund
  3574 | D:3      | Reached skill level 1 in Shields
  3766 | D:3      | Learned a level 3 spell: Regeneration
  3909 | D:3      | Killed from afar by an orc priest

Action                   |  1- 3 |  4- 6 || total
-------------------------+-------+-------++-------
Melee: Flail             |       |     4 ||     4
Throw: Javelin           |    17 |    18 ||    35
 Cast: Pain              |    55 |    35 ||    90
       Animate Skeleton  |    19 |    13 ||    32
       Vampiric Draining |       |     4 ||     4
       Lethal Infusion   |       |     1 ||     1
       Regeneration      |       |     1 ||     1
Evoke: Wand              |     1 |       ||     1
  Use: Scroll            |     5 |     2 ||     7
